[Event "Titled Tuesday Blitz May 31 Early 2022"]
[White "Bluebaum, Matthias"]
[Black "Chen, Qi b"]
[WhiteFideId "24651516"]
[BlackFideId "8614733"]
[WhiteElo "2556"]
[BlackElo "2432"]
[Result "0-1"]
[Round "07"]
[TimeControl "180+1"]
[Date "2022.05.31"]
[WhiteClock "0:00:47"]
[BlackClock "0:00:10"]

1. d4 Nf6 2. c4 g6 3. Nc3 d5 4. cxd5 Nxd5 5. e4 Nxc3 6. bxc3 Bg7 7. Nf3 c5 8. Bb5+ Nc6 9. O-O O-O 10. Bxc6 bxc6 11. Qc2 Bg4 12. Ne5 Qc8 13. Ba3 Bxe5 14. dxe5 Qa6 15. Bxc5 Rfe8 16. f3 Be6 17. Rfd1 Qc4 18. Qf2 a5 19. a3 Rab8 20. Rac1 Rb5 21. Be3 Rb3 22. Bh6 Rxc3 23. Rxc3 Qxc3 24. Qb6 f6 25. exf6 exf6 26. h4 Bf7 27. Qc7 Qxa3 28. Qxc6 Qe7 29. Rd7 Qe5 30. Rd6 f5 31. exf5 Qe1+ 32. Kh2 Qxh4+ 33. Kg1 Re1# 0-1


[Site "https://www.chess.com"]

[Event "Titled Tuesday Blitz May 31 Early 2022"]
[White "Boder, Jan"]
[Black "Sokolovsky, Yahli"]
[WhiteFideId "16243226"]
[BlackFideId "2820242"]
[WhiteElo "2064"]
[BlackElo "1770"]
[Result "1/2-1/2"]
[Round "07"]
[TimeControl "180+1"]
[Date "2022.06.01"]
[WhiteClock "0:00:09"]
[BlackClock "0:00:08"]

1. b3 Nf6 2. Bb2 g6 3. Bxf6 exf6 4. c4 Bg7 5. Nc3 O-O 6. g3 f5 7. Bg2 Nc6 8. e3 b6 9. Nge2 Bb7 10. O-O Rb8 11. d4 Ne7 12. Bxb7 Rxb7 13. Qd3 d6 14. b4 c5 15. bxc5 bxc5 16. Rab1 Rxb1 17. Rxb1 Nc6 18. Nd5 Qa5 19. a3 Re8 20. Kg2 cxd4 21. Nxd4 Ne5 22. Qb3 Qc5 23. Qb5 Qxb5 24. cxb5 Nc4 25. Nc6 Ra8 26. a4 Nb6 27. Nde7+ Kf8 28. a5 Nd7 29. Nd5 Nc5 30. Nc7 Rc8 31. Nd5 Ra8 32. b6 axb6 33. axb6 Nb7 34. Nc7 Ra1 35. Rb3 Ra2 36. Kf3 Rb2 37. Rxb2 Bxb2 38. Nd5 Ba3 39. Nd4 Bc5 40. Nb3 Ke8 41. Nxc5 Nxc5 42. Nf6+ Ke7 43. Nxh7 f6 44. g4 fxg4+ 45. Kxg4 Kf7 46. h4 Kg7 47. Ng5 fxg5 48. hxg5 Kf7 49. Kf4 Ke6 50. e4 d5 51. exd5+ Kxd5 52. Kg4 Ke5 53. f4+ Ke6 54. f5+ gxf5+ 55. Kf4 Nd3+ 56. Ke3 Ne5 57. Kf4 Nc6 58. b7 Nb8 59. g6 Kf6 60. g7 Kxg7 61. Kxf5 Kf7 62. Ke4 Ke7 63. Ke3 Kd7 64. Ke2 Kc7 65. Kf1 Kxb7 1/2-1/2


[Site "https://www.chess.com"]

[Event "Titled Tuesday Blitz May 31 Early 2022"]
[White "Bodnaruk, Anastasia"]
[Black "Harvey, Marcus R"]
[WhiteFideId "4181751"]
[BlackFideId "400092"]
[WhiteElo "2332"]
[BlackElo "2485"]
[Result "1/2-1/2"]
[Round "07"]
[TimeControl "180+1"]
[Date "2022.06.01"]
[WhiteClock "0:00:06"]
[BlackClock "0:00:07"]

1. e4 c5 2. Nc3 d6 3. Nge2 Nf6 4. d4 cxd4 5. Nxd4 a6 6. Be2 e5 7. Nb3 Be7 8. Nd5 Nxd5 9. exd5 O-O 10. O-O a5 11. Be3 a4 12. Nd2 f5 13. f3 Bf6 14. Nc4 Ra6 15. Qd2 f4 16. Bf2 Bf5 17. Qb4 Qc7 18. Na3 Ra5 19. Nb5 Na6 20. Nxc7 Nxb4 21. Be1 Rc5 22. Bxb4 Rxc7 23. Bxd6 Rxc2 24. Bxf8 Kxf8 25. Bb5 Rxb2 26. Bxa4 Be7 27. Rfc1 b6 28. Rc7 Bc5+ 29. Kh1 e4 30. Bd7 Bg6 31. Re1 e3 32. Be6 Bb4 33. d6 Bxd6 34. Rc8+ Ke7 35. Bc4 Bb4 36. Rg1 e2 37. Bxe2 Rxe2 38. Rc7+ Kf8 39. Rc8+ Be8 40. Rc4 Bd6 41. Rd1 g5 42. h4 Bc5 43. hxg5 Be3 44. Rc8 Ke7 45. Rc7+ Ke6 46. Rxh7 Bg6 47. Rh6 Kf7 48. Rd7+ Ke8 49. Rc7 Re1+ 50. Kh2 Bg1+ 51. Kh3 Bf5+ 52. g4 fxg3+ 53. Kxg3 Bd4 54. Rb7 Bd7 55. Rh7 Be5+ 56. Kf2 Rd1 57. g6 Rd2+ 58. Ke3 Rg2 59. g7 Rxg7 60. Rxg7 Bxg7 61. Rxb6 Kd8 62. Rb8+ Kc7 63. Rg8 Be5 64. f4 Bd6 65. Ke4 Be6 66. Rg7+ Kc6 67. Rg6 Bd5+ 68. Kd4 Bxa2 69. f5 Kd7 70. f6 Bf7 71. Rg7 Ke6 72. Rxf7 Kxf7 73. Kd5 Bf4 74. Ke4 Bg5 75. Kd5 Bxf6 1/2-1/2


[Site "https://www.chess.com"]

[Event "Titled Tuesday Blitz May 31 Early 2022"]
[White "Chernobay, Artem"]
[Black "Meshkovs, Nikita"]
[WhiteFideId "4167406"]
[BlackFideId "11602740"]
[WhiteElo "2473"]
[BlackElo "2506"]
[Result "1-0"]
[Round "07"]
[TimeControl "180+1"]
[Date "2022.05.31"]
[WhiteClock "0:00:10"]
[BlackClock "0:00:02"]

1. e4 Nf6 2. e5 Nd5 3. d4 d6 4. Nf3 e6 5. c4 Nb6 6. Nc3 Be7 7. Bd3 O-O 8. O-O Nc6 9. exd6 cxd6 10. b3 d5 11. c5 Nd7 12. Be3 Bf6 13. Rc1 h6 14. a3 b6 15. b4 bxc5 16. dxc5 d4 17. Be4 dxe3 18. Bxc6 Rb8 19. fxe3 Qc7 20. Qa4 Ne5 21. Nxe5 Bxe5 22. h3 f5 23. Ne2 Bb2 24. Rb1 Bf6 25. Nd4 Qg3 26. Rf3 Qg6 27. Bd7 f4 28. Rd1 Bxd7 29. Qxd7 e5 30. Ne6 Rf7 31. Qd5 Re8 32. e4 Kh7 33. c6 Bh4 34. Nc5 Qg5 35. Nd7 Bg3 36. b5 Qe7 37. Rc3 f3 38. Rxf3 Rxf3 39. gxf3 Qg5 40. Qf7 Bf4+ 41. Kf1 Qg3 42. Qf5+ Kg8 43. Nf6+ gxf6 44. Rd7 Kf8 45. Qxf6+ Kg8 46. Qf7+ Kh8 47. Qh7# 1-0


[Site "https://www.chess.com"]

[Event "Titled Tuesday Blitz May 31 Early 2022"]
[White "Chigaev, Maksim"]
[Black "Shailesh, Dravid"]
[WhiteFideId "4108116"]
[BlackFideId "25017969"]
[WhiteElo "2457"]
[BlackElo "2205"]
[Result "0-1"]
[Round "07"]
[TimeControl "180+1"]
[Date "2022.05.31"]
[WhiteClock "0:00:18"]
[BlackClock "0:00:17"]

1. b3 Nf6 2. Bb2 g6 3. Nf3 Bg7 4. c4 O-O 5. g3 b6 6. Bg2 Bb7 7. O-O c5 8. d4 Ne4 9. Qc1 d6 10. Rd1 Nd7 11. Nc3 Ndf6 12. d5 Nxc3 13. Qxc3 Re8 14. e4 a6 15. Qe1 b5 16. e5 dxe5 17. Nxe5 Qb6 18. Rab1 e6 19. d6 Bxg2 20. Kxg2 Rad8 21. d7 Nxd7 22. Nxd7 Qb7+ 23. Kg1 Rxd7 24. Bxg7 Kxg7 25. Qe5+ Kg8 26. Qxc5 Red8 27. Rxd7 Rxd7 28. cxb5 axb5 29. h4 Rd2 30. h5 Qf3 31. h6 Rd8 32. Qe5 Kf8 33. Qxb5 Rd5 34. Qb4+ Ke8 35. Qa4+ Ke7 36. Qh4+ g5 37. Qb4+ Kf6 38. Rc1 Kg6 39. Qf8 Rd2 40. Rf1 Rxa2 41. Qg7+ Kh5 42. Qxh7 Kg4 0-1


[Site "https://www.chess.com"]

[Event "Titled Tuesday Blitz May 31 Early 2022"]
[White "Costachi, Mihnea"]
[Black "Xiong, Jeffery"]
[WhiteFideId "1217518"]
[BlackFideId "2047640"]
[WhiteElo "2476"]
[BlackElo "2727"]
[Result "1/2-1/2"]
[Round "07"]
[TimeControl "180+1"]
[Date "2022.05.31"]
[WhiteClock "0:00:05"]
[BlackClock "0:00:16"]

1. d4 g6 2. c4 Bg7 3. Nc3 d6 4. e4 e5 5. Be3 exd4 6. Bxd4 Nf6 7. f3 Nc6 8. Be3 a5 9. Bd3 Nd7 10. Nge2 Nc5 11. O-O O-O 12. Bc2 Be6 13. b3 a4 14. Qd2 Nb4 15. Bd4 Bxd4+ 16. Nxd4 Qf6 17. Ncb5 Nxc2 18. Qxc2 axb3 19. Nxb3 Nxb3 20. Qxb3 Qe5 21. Qb4 Rfc8 22. Rfd1 Ra6 23. Nd4 Rb6 24. Qa4 Qc5 25. Kh1 Qxc4 26. Qa5 Ra6 27. Qd2 Rxa2 28. Rxa2 Qxa2 29. Qc3 Qc4 30. Qe3 c5 31. Ne2 d5 32. exd5 Bxd5 33. Nf4 Bc6 34. Nh5 Qe6 35. Qg5 h6 36. Nf6+ Kg7 37. Nh5+ Kg8 38. Nf6+ Kf8 39. Qxh6+ Ke7 40. Ng4 Qf5 41. Qh4+ g5 42. Qh6 Rd8 43. Re1+ Kd7 44. Ne5+ Kc7 45. Nxc6 bxc6 46. h3 Rd7 47. Qf8 Qc2 48. Qa8 Rd1 49. Qa7+ Kc8 50. Qa8+ Kc7 51. Qa7+ Kc8 52. Qa6+ Kc7 53. Qa7+ 1/2-1/2


[Site "https://www.chess.com"]

[Event "Titled Tuesday Blitz May 31 Early 2022"]
[White "Djokic, Mihailo"]
[Black "Pichot, Alan"]
[WhiteFideId "976440"]
[BlackFideId "110973"]
[WhiteElo "2202"]
[BlackElo "2579"]
[Result "0-1"]
[Round "07"]
[TimeControl "180+1"]
[Date "2022.05.31"]
[WhiteClock "0:00:01"]
[BlackClock "0:00:43"]

1. e4 c5 2. Nf3 d6 3. d4 cxd4 4. Nxd4 Nf6 5. Nc3 a6 6. Rg1 h5 7. h3 h4 8. Bg5 Nc6 9. Qd2 Qb6 10. Nb3 e6 11. O-O-O Be7 12. Kb1 Qc7 13. f4 b5 14. Bd3 Bb7 15. Qf2 Nb4 16. Rge1 e5 17. f5 Rc8 18. a3 Nxd3 19. Rxd3 Ng4 20. Qd2 Bxg5 21. Qxg5 Nf6 22. Qxg7 Ke7 23. Qg5 Rhg8 24. Qd2 Rg7 25. Qf2 Rcg8 26. Qxh4 Rxg2 27. Red1 Rd8 28. Nd2 Qc5 29. Nf3 a5 30. R3d2 Rxd2 31. Rxd2 b4 32. axb4 axb4 33. Nd5+ Bxd5 34. Rxd5 Qc4 35. Nd2 Qe2 36. Rd3 Qd1+ 37. Ka2 Qxc2 38. Ra3 bxa3 0-1


[Site "https://www.chess.com"]

[Event "Titled Tuesday Blitz May 31 Early 2022"]
[White "Donchenko, Alexander"]
[Black "Nakamura, Hikaru"]
[WhiteFideId "24603295"]
[BlackFideId "2016192"]
[WhiteElo "2572"]
[BlackElo "2850"]
[Result "0-1"]
[Round "07"]
[TimeControl "180+1"]
[Date "2022.05.31"]
[WhiteClock "0:00:42"]
[BlackClock "0:00:44"]

1. d4 Nf6 2. c4 e6 3. Nf3 d5 4. Nc3 Nbd7 5. cxd5 exd5 6. Bg5 c6 7. e3 Bd6 8. Bd3 O-O 9. Qc2 h6 10. Bh4 Re8 11. Bg3 Qe7 12. O-O Bxg3 13. hxg3 Ne4 14. Rab1 a5 15. a3 b5 16. Bxe4 dxe4 17. Nd2 Nf6 18. Rbc1 Ba6 19. Rfd1 b4 20. axb4 axb4 21. Na4 Bd3 22. Qb3 Bb5 23. Nc5 h5 24. Qxb4 Nd5 25. Qb3 Rab8 26. Qa3 Ra8 27. Qb3 Rab8 28. Qc2 f5 29. Nc4 Bxc4 30. Qxc4 h4 31. gxh4 f4 32. Na6 Rb6 33. exf4 e3 34. Re1 exf2+ 35. Kxf2 Qxh4+ 36. g3 Rxb2+ 0-1


[Site "https://www.chess.com"]

[Event "Titled Tuesday Blitz May 31 Early 2022"]
[White "Dubov, Daniil"]
[Black "Leiva, Gianmarco"]
[WhiteFideId "24126055"]
[BlackFideId "3804399"]
[WhiteElo "2791"]
[BlackElo "2323"]
[Result "1-0"]
[Round "07"]
[TimeControl "180+1"]
[Date "2022.05.31"]
[WhiteClock "0:00:10"]
[BlackClock "0:00:01"]

1. d4 Nf6 2. Nf3 e6 3. c4 d5 4. g3 Be7 5. Bg2 O-O 6. O-O Nbd7 7. Nc3 dxc4 8. e4 Rb8 9. a4 a6 10. a5 b5 11. axb6 Rxb6 12. Nd2 c5 13. d5 exd5 14. exd5 Ne5 15. f4 Neg4 16. Nxc4 Rb4 17. b3 Nxh2 18. Kxh2 Ng4+ 19. Kh1 Bf6 20. Bd2 Bd4 21. Bf3 Nf2+ 22. Rxf2 Bxf2 23. Ne4 Bd4 24. Bxb4 Re8 25. Bxc5 Bxc5 26. Nxc5 Qf6 27. Ne5 Qh6+ 28. Kg1 f6 29. d6 fxe5 30. d7 Bxd7 31. Qxd7 Rf8 32. Qe6+ Qxe6 33. Nxe6 Re8 34. fxe5 Kh8 35. Bd5 1-0


[Site "https://www.chess.com"]

[Event "Titled Tuesday Blitz May 31 Early 2022"]
[White "Durarbayli, Vasif"]
[Black "Martinez Alcantara, Jose Eduardo"]
[WhiteFideId "13402935"]
[BlackFideId "3805662"]
[WhiteElo "2528"]
[BlackElo "2690"]
[Result "0-1"]
[Round "07"]
[TimeControl "180+1"]
[Date "2022.05.31"]
[WhiteClock "0:00:01"]
[BlackClock "0:00:10"]

1. e4 e5 2. Nf3 Nc6 3. Bc4 Bc5 4. c3 Nf6 5. d3 d6 6. O-O a5 7. d4 Bb6 8. dxe5 Nxe5 9. Nxe5 dxe5 10. Qf3 Qe7 11. Na3 Bg4 12. Qg3 h5 13. Qd3 Rd8 14. Qc2 Qd7 15. Bg5 h4 16. Bb5 c6 17. Be2 Be6 18. Rad1 Qe7 19. Nc4 Rxd1 20. Rxd1 Bxf2+ 21. Kxf2 Bxc4 22. Bxc4 Ng4+ 23. Kg1 Qc5+ 24. Kf1 Qxc4+ 25. Qd3 Qxd3+ 26. Rxd3 f6 27. h3 fxg5 28. hxg4 Rf8+ 29. Rf3 Rxf3+ 30. gxf3 a4 31. b3 axb3 32. axb3 Ke7 33. b4 c5 0-1


[Site "https://www.chess.com"]

[Event "Titled Tuesday Blitz May 31 Early 2022"]
[White "Fedoseev, Vladimir"]
[Black "Andreikin, Dmitry"]
[WhiteFideId "24130737"]
[BlackFideId "4158814"]
[WhiteElo "2726"]
[BlackElo "2736"]
[Result "0-1"]
[Round "07"]
[TimeControl "180+1"]
[Date "2022.05.31"]
[WhiteClock "0:00:01"]
[BlackClock "0:00:11"]

1. e4 c5 2. Nf3 e6 3. d4 cxd4 4. Nxd4 Nc6 5. Nc3 a6 6. Nxc6 bxc6 7. e5 Qc7 8. Bf4 Ne7 9. Bd3 Ng6 10. Bxg6 hxg6 11. Ne4 c5 12. Qe2 Bb7 13. O-O-O Bxe4 14. Qxe4 Rb8 15. Bd2 Be7 16. Bc3 Rh4 17. f4 Qb7 18. Qxb7 Rxb7 19. g3 Rh3 20. Rdf1 g5 21. f5 exf5 22. Rxf5 Rb6 23. Rhf1 Rxh2 24. Rxf7 Rg6 25. R7f3 g4 26. Rd3 Rg2 27. b3 Rh6 28. Be1 Rhh2 29. Rc3 Re2 30. Rc4 Rxe5 31. Bc3 Ree2 32. Bxg7 d5 33. Rc3 Rhg2 34. Bh6 d4 35. Rc4 Rxg3 36. Kd1 Reg2 37. Re1 Kd7 38. b4 Rc3 39. Rxc3 dxc3 40. bxc5 Bxc5 41. Re4 g3 42. Rg4 Bd6 43. Be3 Rh2 44. Rc4 Ke6 45. Rxc3 g2 46. Rc6 Kd5 0-1


[Site "https://www.chess.com"]

[Event "Titled Tuesday Blitz May 31 Early 2022"]
[White "Fernandez Siles, Luis"]
[Black "Koellner, Ruben Gideon"]
[WhiteFideId "2209420"]
[BlackFideId "12993093"]
[WhiteElo "2212"]
[BlackElo "2550"]
[Result "1/2-1/2"]
[Round "07"]
[TimeControl "180+1"]
[Date "2022.06.01"]
[WhiteClock "0:00:09"]
[BlackClock "0:00:05"]

1. e4 d6 2. Nc3 Nf6 3. f4 e5 4. Nf3 exf4 5. Bc4 Nh5 6. O-O g6 7. d4 Bh6 8. Ne2 O-O 9. g3 Bh3 10. Re1 c6 11. Nxf4 Nxf4 12. Bxf4 Bxf4 13. gxf4 d5 14. exd5 cxd5 15. Bf1 Bxf1 16. Rxf1 Nc6 17. c3 Qf6 18. Ne5 Qf5 19. Qg4 Qxg4+ 20. Nxg4 f6 21. f5 g5 22. Rae1 h5 23. Ne3 Rad8 24. Re2 Kf7 25. Rfe1 Rfe8 26. Kf2 Re4 27. Ng2 Rxe2+ 28. Rxe2 Ne7 29. Ne3 Rd6 30. Rc2 b5 31. b3 a5 32. Ke2 Ra6 33. Kd3 a4 34. c4 axb3 35. axb3 bxc4+ 36. bxc4 Ra3+ 37. Rc3 Ra5 38. cxd5 Nxd5 39. Nxd5 Rxd5 40. Rc7+ Ke8 41. Ke4 Ra5 42. Rh7 h4 43. Rh6 Ke7 44. Rh7+ Kf8 45. Rb7 Ra2 46. Kd5 Re2 47. Ra7 g4 48. Rh7 h3 49. Rh4 Rg2 50. Ke6 Kg7 51. d5 Re2+ 52. Kd6 Re4 53. Kd7 Kf7 54. Rh7+ Kg8 55. Rh4 Kg7 56. d6 Kf7 57. Rh7+ Kg8 58. Rh4 Kf7 59. Rh7+ Kg8 60. Rh4 Kf7 1/2-1/2


[Site "https://www.chess.com"]

[Event "Titled Tuesday Blitz May 31 Early 2022"]
[White "Fiorito, Fabian"]
[Black "Lianes Garcia, Marcos"]
[WhiteFideId "100200"]
[BlackFideId "32060777"]
[WhiteElo "2395"]
[BlackElo "2310"]
[Result "0-1"]
[Round "07"]
[TimeControl "180+1"]
[Date "2022.06.01"]
[WhiteClock "0:00:02"]
[BlackClock "0:00:07"]

1. d4 g6 2. Nc3 Bg7 3. e4 c5 4. d5 d6 5. Nf3 Nf6 6. Bc4 O-O 7. O-O Re8 8. h3 e6 9. dxe6 Bxe6 10. Bxe6 Rxe6 11. Bg5 h6 12. Bxf6 Bxf6 13. Re1 Nc6 14. Nd5 Bg7 15. c3 Ne7 16. Qd3 Nxd5 17. exd5 Rxe1+ 18. Rxe1 Qd7 19. Qe4 Kf8 20. Kf1 b5 21. g4 a5 22. Qf4 a4 23. Re6 g5 24. Qxd6+ Qxd6 25. Rxd6 a3 26. b3 Bxc3 27. Rb6 Rd8 28. d6 Kg7 29. Rc6 Bf6 30. Ke2 c4 31. bxc4 bxc4 32. Nd2 c3 33. Ne4 Be5 34. Kd3 Rd7 35. Kc2 Kf8 36. Rc8+ Kg7 37. Rc7 Rd8 38. Rc5 f6 39. Rc6 Kg6 40. Kd3 h5 41. f3 h4 42. Nxc3 Bxd6 43. Kc4 Be5 44. Ne4 Rd1 45. Kb3 Bb2 46. Nd2 Rxd2 47. Re6 Rd3+ 48. Kc2 Rxf3 0-1


[Site "https://www.chess.com"]

[Event "Titled Tuesday Blitz May 31 Early 2022"]
[White "Gaehwiler, Gabriel"]
[Black "Fantinel, Thibault"]
[WhiteFideId "1314530"]
[BlackFideId "663395"]
[WhiteElo "2383"]
[BlackElo "2349"]
[Result "1/2-1/2"]
[Round "07"]
[TimeControl "180+1"]
[Date "2022.05.31"]
[WhiteClock "0:00:05"]
[BlackClock "0:00:08"]

1. d4 Nf6 2. c4 b6 3. Nf3 Bb7 4. g3 g6 5. Bg2 Bg7 6. O-O O-O 7. Bg5 d6 8. Bxf6 Bxf6 9. Nc3 c5 10. Qd2 cxd4 11. Nxd4 Bxg2 12. Kxg2 Bg7 13. Rac1 Qc7 14. b3 Nd7 15. Nd5 Qb7 16. Kg1 Nf6 17. Nc2 Rac8 18. Ncb4 Rfd8 19. Rfd1 e6 20. Nxf6+ Bxf6 21. Nd3 Bg7 22. Qe3 d5 23. cxd5 Qxd5 24. Rxc8 Rxc8 25. Rc1 Rxc1+ 26. Qxc1 Qd7 27. Qc4 h5 28. h4 Bf6 29. Qe4 Kg7 30. Kg2 Qe7 31. Qb4 Qb7+ 32. f3 Qd5 33. Qc4 Qd6 34. Qc2 Bd4 35. Qd2 Be5 36. Qe1 Qd4 37. Qc1 a5 38. Qc4 Qe3 39. Qe4 Qxe4 40. fxe4 Kf6 41. Kf3 b5 42. Nc5 Bd6 43. Nd3 Ke7 44. e5 Bc7 45. Ke4 f6 46. exf6+ Kxf6 47. Kf3 g5 48. Nc5 gxh4 49. gxh4 Ke5 50. Nd3+ Kf5 51. e4+ Kf6 52. Kg2 Kg6 53. Kh3 Kf6 54. Kg2 Kg6 55. Nc5 Kf6 56. Nd3 1/2-1/2


[Site "https://www.chess.com"]

[Event "Titled Tuesday Blitz May 31 Early 2022"]
[White "Gallo Garcia, Kemel Antonio"]
[Black "Paravyan, David"]
[WhiteFideId "3523896"]
[BlackFideId "4194985"]
[WhiteElo "2359"]
[BlackElo "2569"]
[Result "0-1"]
[Round "07"]
[TimeControl "180+1"]
[Date "2022.05.31"]
[WhiteClock "0:00:02"]
[BlackClock "0:00:06"]

1. e4 e5 2. Nf3 Nf6 3. Nxe5 d6 4. Nf3 Nxe4 5. Qe2 Qe7 6. Nc3 Nxc3 7. dxc3 Nc6 8. Bg5 Qxe2+ 9. Bxe2 h6 10. Be3 Be7 11. O-O-O O-O 12. Nd4 Nxd4 13. cxd4 Bg5 14. Bxg5 hxg5 15. h4 Re8 16. Bd3 gxh4 17. Rxh4 g6 18. Kd2 Bd7 19. f3 Kg7 20. c4 Rh8 21. Rdh1 Rxh4 22. Rxh4 Be6 23. d5 Bd7 24. Rh1 a5 25. b3 b6 26. Kc3 Re8 27. Kd4 Re7 28. a3 Re8 29. Rc1 Rh8 30. b4 Ra8 31. Re1 Kf6 32. Bc2 axb4 33. axb4 Ra2 34. Kc3 Bf5 35. Bxf5 gxf5 36. Rg1 Kg5 37. Kd4 Rb2 38. b5 Kf4 39. g4 Rd2+ 40. Kc3 Rf2 41. gxf5 Rxf3+ 42. Kd4 Kxf5 43. Re1 Kf6 44. Re8 Ra3 45. Rc8 Ra7 46. Ke4 Ke7 47. Kd4 f5 48. Rh8 Ra1 49. Rh7+ Kd8 50. Rf7 Rf1 51. Kd3 Rf4 52. Kc3 Kc8 53. Kd3 Rf1 54. Rf8+ Kd7 55. Rf7+ Kd8 56. Rf8+ Ke7 57. Rc8 Kd7 58. Rf8 Rf4 59. Rf7+ Kc8 60. Rf8+ Kb7 61. Rf7 Rf3+ 62. Kd4 Rf1 63. Rf8 f4 64. Ke4 Re1+ 65. Kd4 Rf1 66. Ke4 Rc1 0-1


[Site "https://www.chess.com"]

[Event "Titled Tuesday Blitz May 31 Early 2022"]
[White "Gokerkan, Cem Kaan"]
[Black "Kozlov, Oleg"]
[WhiteFideId "6336760"]
[BlackFideId "4104544"]
[WhiteElo "2382"]
[BlackElo "2132"]
[Result "0-1"]
[Round "07"]
[TimeControl "180+1"]
[Date "2022.05.31"]
[WhiteClock "0:00:03"]
[BlackClock "0:00:16"]

1. d4 f5 2. c4 Nf6 3. Nc3 g6 4. g3 Bg7 5. Bg2 O-O 6. Nh3 d6 7. d5 c6 8. Nf4 e5 9. dxe6 Qe7 10. O-O Bxe6 11. Nxe6 Qxe6 12. Qb3 Rf7 13. Rd1 Na6 14. Bf4 Nc5 15. Qa3 Bf8 16. b4 Nce4 17. Nxe4 Nxe4 18. Qd3 Rd8 19. h4 Rfd7 20. Qe3 Qxc4 21. Rd4 Qf7 22. Bxe4 fxe4 23. Rxe4 d5 24. Rd4 Bg7 25. Rad1 Re8 26. Qf3 Bxd4 27. Rxd4 Rde7 28. Rd2 Re4 29. a3 Qe6 30. e3 Kg7 31. h5 Rf8 32. Bh6+ Kxh6 33. Qxf8+ Kxh5 34. f3 Rc4 35. Rh2+ Kg5 36. Qd8+ Kf5 37. g4+ Ke5 38. Qc7+ Kf6 39. Qd8+ Qe7 40. Qh8+ Kg5 41. Re2 Rc1+ 42. Kf2 Kh6 43. f4 Qh4+ 44. Kf3 Qh3+ 45. Kf2 Rf1# 0-1


[Site "https://www.chess.com"]

[Event "Titled Tuesday Blitz May 31 Early 2022"]
[White "Goltsev, Dmitry"]
[Black "Le, Tuan Minh"]
[WhiteFideId "24176710"]
[BlackFideId "12401153"]
[WhiteElo "2258"]
[BlackElo "2450"]
[Result "1/2-1/2"]
[Round "07"]
[TimeControl "180+1"]
[Date "2022.05.31"]
[WhiteClock "0:00:12"]
[BlackClock "0:00:12"]

1. e4 c5 2. Nf3 Nf6 3. Nc3 d5 4. exd5 Nxd5 5. Nxd5 Qxd5 6. d4 Nc6 7. dxc5 Qxc5 8. c3 g6 9. Be3 Qa5 10. Qb3 Bg7 11. Qb5 Qc7 12. Be2 O-O 13. O-O Rd8 14. Rad1 Bf5 15. Rxd8+ Rxd8 16. Rd1 h6 17. Rxd8+ Nxd8 18. Bxa7 Nc6 19. Be3 e5 20. Qb6 Qd7 21. a4 Kh7 22. a5 Bd3 23. Bxd3 Qxd3 24. h3 Qd1+ 25. Kh2 Qd7 26. b4 Ne7 27. Bc5 Nf5 28. b5 e4 29. Nd4 Be5+ 30. g3 e3 31. fxe3 Bxg3+ 32. Kg1 Nxe3 33. Qf6 Nd5 34. Qf3 Bb8 35. a6 bxa6 36. bxa6 Nf4 37. a7 Bxa7 38. Bxa7 Nxh3+ 39. Kh2 Ng5 40. Qa8 Qh3+ 41. Kg1 Qxc3 42. Qb7 Qe1+ 43. Kg2 Qd2+ 44. Kf1 Qf4+ 45. Ke2 h5 46. Nf3 Ne6 47. Be3 Qf5 48. Qe7 Qc2+ 49. Ke1 Qf5 50. Ng5+ Nxg5 51. Bxg5 Qb1+ 52. Ke2 Qc2+ 53. Ke1 Qf5 54. Ke2 Qd5 55. Bf6 Qc4+ 56. Ke1 Qe6+ 57. Qxe6 fxe6 58. Ke2 Kg8 59. Kf3 Kf7 60. Bg5 e5 61. Ke4 Ke6 62. Bh4 Kd6 63. Bg5 Ke6 64. Bh4 Kd6 65. Bg5 Kc5 66. Kxe5 Kc4 67. Kf6 Kd3 68. Kxg6 h4 69. Bxh4 1/2-1/2


[Site "https://www.chess.com"]

[Event "Titled Tuesday Blitz May 31 Early 2022"]
[White "Harsha Bharathakoti"]
[Black "Kovalev, Vladislav"]
[WhiteFideId "5078776"]
[BlackFideId "13504398"]
[WhiteElo "2575"]
[BlackElo "2530"]
[Result "1-0"]
[Round "07"]
[TimeControl "180+1"]
[Date "2022.05.31"]
[WhiteClock "0:00:16"]
[BlackClock "0:00:02"]

1. e4 e5 2. Nc3 Nc6 3. Bc4 Nf6 4. d3 Na5 5. Nge2 Nxc4 6. dxc4 d6 7. O-O Be6 8. Qd3 Nd7 9. b3 Be7 10. Ng3 O-O 11. Nf5 g6 12. Bh6 Re8 13. Ng7 Bf8 14. Nxe6 Rxe6 15. Bxf8 Qxf8 16. Nd5 Rc8 17. Rae1 Nb6 18. Nc3 c6 19. Rd1 Qe7 20. Rd2 Nd7 21. Rfd1 Rf8 22. Qe3 b6 23. b4 f5 24. b5 Rc8 25. bxc6 Rxc6 26. exf5 gxf5 27. Qf3 Rxc4 28. Nd5 Qf7 29. Ne3 Rf4 30. Qa8+ Nf8 31. Rxd6 Rxd6 32. Rxd6 Rd4 33. Rd8 f4 34. Ng4 Kg7 35. h3 1-0


[Site "https://www.chess.com"]

[Event "Titled Tuesday Blitz May 31 Early 2022"]
[White "Ider, Borya"]
[Black "Keymer, Vincent"]
[WhiteFideId "4901134"]
[BlackFideId "12940690"]
[WhiteElo "2512"]
[BlackElo "2548"]
[Result "0-1"]
[Round "07"]
[TimeControl "180+1"]
[Date "2022.05.31"]
[WhiteClock "0:00:31"]
[BlackClock "0:00:36"]

1. Nh3 d5 2. g3 e5 3. d4 exd4 4. Qxd4 Nc6 5. Qd1 Nf6 6. Nf4 g5 7. Nd3 h6 8. Bg2 Be6 9. Nc3 Qd7 10. h4 g4 11. Nf4 O-O-O 12. Nxe6 fxe6 13. O-O Bc5 14. e4 d4 15. Ne2 Ne5 16. Nf4 d3 17. Nxd3 Nxd3 18. cxd3 Qxd3 19. Qxd3 Rxd3 20. Kh2 Bd4 21. Rb1 Nd7 22. f4 e5 23. Re1 Bf2 24. Bf1 Bxg3+ 25. Kg2 Rf3 26. Rd1 exf4 0-1


[Site "https://www.chess.com"]

[Event "Titled Tuesday Blitz May 31 Early 2022"]
[White "Indjic, Aleksandar"]
[Black "Girinath, P.D.S."]
[WhiteFideId "911925"]
[BlackFideId "5000572"]
[WhiteElo "2616"]
[BlackElo "2369"]
[Result "1-0"]
[Round "07"]
[TimeControl "180+1"]
[Date "2022.06.01"]
[WhiteClock "0:00:43"]
[BlackClock "0:00:01"]

1. d4 e6 2. Nf3 f5 3. Bf4 Nf6 4. h3 g6 5. e3 Bg7 6. c4 d6 7. Nc3 Qe7 8. Bh2 O-O 9. Be2 Nc6 10. d5 exd5 11. cxd5 Ne5 12. Nd4 c5 13. Nb3 a6 14. a4 b6 15. O-O Bb7 16. Kh1 Kh8 17. Re1 Rad8 18. f3 Qf7 19. f4 Ned7 20. Bf3 Rde8 21. Qd3 Qe7 22. Nd2 c4 23. Qxc4 Nc5 24. Rad1 a5 25. Qf1 Ba6 26. Be2 Bxe2 27. Qxe2 Nfe4 28. Ncxe4 fxe4 29. Qb5 Rb8 30. Nc4 Qc7 31. f5 Rf6 32. fxg6 Rxg6 33. Rf1 Bh6 34. b4 axb4 35. Qxb4 Qg7 36. g4 Rg8 37. Nxd6 Nd3 38. Qd4 Qxd4 39. exd4 1-0


[Site "https://www.chess.com"]

[Event "Titled Tuesday Blitz May 31 Early 2022"]
[White "Jaferian, Koosha"]
[Black "Martin Carmona, Gaston Manuel"]
[WhiteFideId "12507440"]
[BlackFideId "22284567"]
[WhiteElo "2030"]
[BlackElo "2162"]
[Result "1/2-1/2"]
[Round "07"]
[TimeControl "180+1"]
[Date "2022.06.01"]
[WhiteClock "0:00:06"]
[BlackClock "0:00:09"]

1. Nf3 Nf6 2. b3 g6 3. Bb2 Bg7 4. g3 O-O 5. Bg2 b6 6. O-O Bb7 7. c4 c5 8. d4 cxd4 9. Nxd4 Qc8 10. Nd2 Bxg2 11. Kxg2 Qb7+ 12. Kg1 Nc6 13. Rc1 Rac8 14. N2f3 Nxd4 15. Bxd4 d6 16. Bb2 b5 17. cxb5 Qxb5 18. Qd2 Ne4 19. Qe3 Bxb2 20. Rxc8 Rxc8 21. Qxe4 Bf6 22. Rd1 a5 23. Kg2 Qc6 24. Qe3 a4 25. b4 Qc4 26. a3 Qc2 27. Rd3 Kg7 28. h4 h5 29. Nd2 Qc6+ 30. Ne4 Bb2 31. Qf3 f5 32. Ng5 Qxf3+ 33. Kxf3 Kf6 34. Ke3 Rc1 35. b5 Rc5 36. Kd2 Rxb5 37. Kc2 Ba1 38. Re3 Rb2+ 39. Kc1 e5 40. Rd3 Rb6 41. e4 Bd4 42. f3 Bf2 43. f4 Bxg3 44. Rxg3 exf4 45. Rd3 fxe4 46. Nxe4+ Ke5 47. Ng5 d5 48. Kd2 Rb2+ 49. Ke1 Ra2 50. Kf1 Kf5 51. Rxd5+ Kg4 52. Rd3 Kxh4 53. Nf3+ Kg4 54. Nd4 h4 55. Ne6 g5 56. Rd5 Kf3 57. Nxg5+ Kg3 58. Ne4+ Kf3 59. Ng5+ Ke3 60. Re5+ Kd4 61. Re4+ Kd3 62. Rxa4 h3 63. Rxf4 h2 64. Rh4 Kc3 65. Rh3+ Kc4 66. Nf3 Rxa3 67. Rxh2 Rxf3+ 68. Ke2 Rc3 69. Rh4+ Kb3 70. Rf4 Rc2+ 71. Kd3 Rc3+ 72. Kd2 Rc2+ 73. Kd1 Rc7 74. Rf8 Kb4 75. Rb8+ Kc5 76. Rb2 Kd6 77. Rd2+ Ke7 78. Re2+ Kd8 79. Rd2+ Rd7 80. Rxd7+ Kxd7 1/2-1/2


[Site "https://www.chess.com"]